 Dungeon Crawl Stone Soup version 0.29.0-4-gdea44cf6ec (webtiles) character file.

Game seed: 13710503091399141825

37 qw the Chopper (level 3, -6/21 HPs)
             Began as a Tengu Warper on Aug 28, 2022.
             Mangled by a gnoll
             ... wielding a +0 halberd
              (10 damage)
             ... on level 2 of the Dungeon.
             The game lasted 00:00:04 (955 turns).

qw the Chopper (Tengu Warper)                        Turns: 955, Time: 00:00:05

Health: -6/21      AC:  3    Str: 13    XL:     3   Next: 41%
Magic:  7/7        EV: 12    Int: 13    God:
Gold:   59         SH:  0    Dex: 13    Spells: 6/6 levels left

rFire   . . .      SeeInvis .   Y - +0 hand axe
rCold   . . .      Faith    .   (no shield)
rNeg    . . .      Spirit   .   b - +0 leather armour
rPois   .          Reflect  .   (helmet restricted)
rElec   .          Harm     .   (no cloak)
rCorr   .          Rampage  .   (no gloves)
Will    .....                   (boots unavailable)
Stlth   +.........              (no amulet)
HPRegen 0.07/turn               (no ring)
MPRegen 0.10/turn               (no ring)

@: no status effects
A: beak, talons 3
a: no special abilities


You were on level 2 of the Dungeon.
You visited 1 branch of the dungeon, and saw 2 of its levels.

You collected 59 gold pieces.


Innate Abilities, Weirdness & Mutations

You have a beak for a mouth.
You have claws for feet.


   Skills:
 - Level 2.0 Fighting
 + Level 4.1 Axes
 - Level 1.0 Throwing
 - Level 1.1 Armour
 - Level 2.1 Dodging
 - Level 2.0 Spellcasting
 - Level 2.4 Translocations


You had 6 spell levels left.
You didn't know any spells.
Your spell library contained the following spells:

 Spells                   Type           Power      Damage    Failure   Level
 Blink                    Tloc           14%        N/A       19%         2
 Gell's Gravitas          Tloc           7%         N/A       36%         3
 Lesser Beckoning         Tloc           7%         N/A       36%         3
 Teleport Other           Tloc           7%         N/A       36%         3
 Manifold Assault         Tloc           7%         N/A       98%         5

Inventory:

Hand Weapons
 e - a +0 club
 Y - a +0 hand axe (weapon)
Missiles
 g - 13 boomerangs (quivered)
Armour
 b - a +0 leather armour (worn)
Scrolls
 a - a scroll of fear {unknown}
 h - 3 scrolls of identify

Dungeon Overview and Level Annotations

Branches:
Dungeon (2/15)

Altars:

Annotations:
D:2 1 runed translucent door, Crazy Yiuf


Message History

You kill the quokka!
You start resting.
HP restored.
You now have 59 gold pieces (gained 9).
a - a scroll labelled FASYAG ZAIS
Enter note:
Found a stone staircase leading down.
An adder comes into view.
Found a stone staircase leading up.
Throw: 13 boomerangs
Press: ? - help, Q - select action Shift-Dir - straight line, f - adder You throw a boomerang.
The boomerang closely misses the adder.
Throw: 13 boomerangs
Press: ? - help, Q - select action Shift-Dir - straight line, f/p - adder You throw a boomerang.
The boomerang barely misses the adder.
You hit the adder but do no damage. Your kick misses the adder.
Your peck misses the adder. The adder closely misses you.
You miss the adder. Your kick misses the adder. The adder misses you.
The adder barely misses you.
You slash the adder! You claw the adder.
The adder is almost dead.
The adder barely misses you.
You slash the adder!
You kill the adder!
Your Axes skill increases to level 4!
A gnoll comes into view. It is wielding a +0 halberd.
Found 11 gold pieces.
The gnoll shouts!
A gnoll comes into view. It is wielding a +0 flail.
The gnoll shouts!
A gnoll comes into view. It is wielding a +0 whip.
The gnoll shouts!
The gnoll hits you from afar with a +0 halberd!
Ouch! That really hurt!
The gnoll hits you with a +0 halberd.
You hit the gnoll. Your kick misses the gnoll. You peck the gnoll.
The gnoll is moderately wounded.
The gnoll hits you with a +0 halberd!
You die...

.......
.......##+##
...........#
......$....+
...........#
.........<.##
...g..g.....#
.....g.@....#
............##
............>#
.............#
.............#
#.######+###.#
# #.# #.# #.#


You could see 3 gnolls.

Vanquished Creatures
  An adder (D:2)
  3 ball pythons (D:1)
  3 bats (D:1)
  2 endoplasms (D:1)
  A goblin (D:1)
  6 hobgoblins (D:1)
  3 kobolds
  3 quokkas
  A frilled lizard (D:1)
23 creatures vanquished.

Notes
Turn   | Place    | Note
-------+----------+-------------------------------------------
     0 | D:1      | qw the Tengu Warper began the quest for the Orb.
     0 | D:1      | Reached XP level 1. HP: 12/12 MP: 4/4
     0 | D:1      | 0 ||| qw: Version: 0.1-a-89-g26bdef1
     0 | D:1      | 0 ||| qw: Game counter: 2840
     0 | D:1      | 0 ||| qw: Always use a shield: true
     0 | D:1      | 0 ||| qw: God list: Okawaru
     0 | D:1      | 0 ||| qw: Allow faded altars: false
     0 | D:1      | 0 ||| qw: Do Orc after D:15 true
     0 | D:1      | 0 ||| qw: Do second Lair branch before Depths: true
     0 | D:1      | 0 ||| qw: Lair rune preference: random
     0 | D:1      | 0 ||| qw: Plans: Normal
     0 | D:1      | 0 ||| PLANNING D:1-11
    24 | D:1      | 24 ||| Stepping ~*~*~tactically~*~*~ (stealth).
    85 | D:1      | Reached XP level 2. HP: 17/17 MP: 6/6
    94 | D:1      | Reached skill level 3 in Axes
   735 | D:1      | Reached XP level 3. HP: 21/21 MP: 7/7
   774 | D:1      | 774 ||| READING scroll labelled YCAELOM VOCKA.
   775 | D:1      | 775 ||| READING 4 scrolls labelled HOYNA EPLIH.
   776 | D:1      | 776 ||| DRINKING 2 cyan potions.
   806 | D:1      | 806 ||| DROPPING scroll of blinking.
   807 | D:1      | 807 ||| DROPPING potion of lignification.
   863 | D:2      | Found a runed translucent door.
   864 | D:2      | Noticed Crazy Yiuf
   949 | D:2      | Reached skill level 4 in Axes
   954 | D:2      | HP: 4/21 [gnoll/+0 halberd (5)]
   955 | D:2      | Mangled by a gnoll

Levels and vault maps discovered:
D:1:      psy_arrival_radial02, layout_basic
D:2:      wander_river, layout_basic, basic_ecumenical_altar,
          uniq_crazy_yiuf_cottage

Skill      XL: |  1  2  3 |
---------------+----------+-----
Axes           | 3 4 |  4.1
Fighting       | |  2.0
Throwing       | |  1.0
Armour         | |  1.1
Dodging        | |  2.1
Spellcasting   | |  2.0
Translocations | |  2.4

Action                   || total
-------------------------++-------
Melee: Hand axe          ||    34
       Kick              ||    12
       Peck              ||     2
Throw: Boomerang         ||    30
  Use: Scroll            ||     2
       Potion            ||     1
Armor: Leather armour    ||     5
Dodge: Dodged            ||    20

Table legend:
 A = Non-vault XP
 B = Vault XP
 C = Vault XP percentage of total XP
 D = Non-vault monster count
 E = Vault monster count
 F = Vault count percentage of total count
                 A         B        C        D         E       F
            +---------+---------+-------+---------+---------+-------
      Total |      54 |       0 |   0.0 |      23 |       0 |   0.0
            +---------+---------+-------+---------+---------+-------
        D:1 |      36 |       0 |   0.0 |      20 |       0 |   0.0
        D:2 |      18 |       0 |   0.0 |       3 |       0 |   0.0
            +---------+---------+-------+---------+---------+-------
